 Dungeon Crawl Stone Soup version 0.30-b1-2-g02819fbbbe (webtiles) character file.

Game seed: 855017735690687090

67251 Anon1729 the Unseen (level 15, -12/91 HPs)
             Began as an Octopode Monk on Nov 19, 2023.
             Was a High Priest of Hepliaklqana.
             Shot with an arrow by Nessos (28 damage)
             ... while paralysed by Rupert
             ... on level 13 of the Dungeon.
             The game lasted 02:23:08 (28373 turns).

Anon1729 the Unseen (Octopode Monk)                Turns: 28373, Time: 02:23:08

Health: -12/91     AC:  2    Str: 11    XL:     15   Next: 22%
Magic:  17/26      EV:  2    Int: 21    God:    Hepliaklqana [*****.]
Gold:   1029       SH:  0    Dex: 16    Spells: 4/29 levels left

rFire   . .          .
                       - Unarmed
rCold   + . .        (no shield)
rNeg    . . .        U - +1 hat {Int+3}
rPois   .            (no amulet)
rElec   .            r - ring of flight
rCorr   +            s - ring of see invisible
SInv    +            G - ring of protection from cold
Will    +....        K - ring of resist corrosion
Stlth   +++++++      N - +5 ring of evasion
HPRegen 0.35/turn    (no ring)
MPRegen 0.20/turn    (no ring)
                     (no ring)

%: no passive effects
@: paralysed, flying
A: reduced essence, almost no armour, amphibious, 8 rings, camouflage 1,
gelatinous body 1, (nimble swimmer 1), tentacles
a: Renounce Religion, Recall Ancestor, Ancestor Identity, Transference, Idealise


You were on level 13 of the Dungeon.
You worshipped Hepliaklqana.
Hepliaklqana was extremely pleased with you.
You visited 4 branches of the dungeon, and saw 21 of its levels.
You also visited: Ice Cave.

You collected 1731 gold pieces.
You spent 702 gold pieces at shops.

Inventory:

Hand Weapons
 w - a +3 lajatang of freezing
 y - the +3 double sword "Imomno" {freeze, rF++ rC+ Dex+3}
   (You found it on level 3 of the Lair of Beasts)

   Dex:       It affects your dexterity (+3).
   rF:        It greatly protects you from fire.
   rC:        It protects you from cold.
Missiles
 e - 150 stones
 p - 39 poisoned darts (quivered)
 u - 10 boomerangs
 x - 4 curare-tipped darts
 z - 4 atropa-tipped darts
 E - a throwing net
Armour
 U - a +1 hat of intelligence (worn)
 V - a +2 buckler
Jewellery
 a - a ring of ice
 n - a ring of ice
 r - a ring of flight (left tentacle)
 s - a ring of see invisible (right tentacle)
 G - a ring of protection from cold (on tentacle)
 K - a ring of resist corrosion (on tentacle)
 N - a +5 ring of evasion (on tentacle)
 P - a ring of ice
Wands
 v - a wand of charming (13)
 A - a wand of flame (17)
 Q - a wand of iceblast (4)
Scrolls
 b - a scroll of enchant weapon
 d - 8 scrolls of teleportation
 f - 2 scrolls of fear
 i - 3 scrolls of silence
 l - a scroll of magic mapping
 D - 2 scrolls of amnesia
 I - 3 scrolls of immolation
 L - 2 scrolls of torment
 O - a scroll of fog
Potions
 c - 3 potions of lignification
 g - 4 potions of attraction
 h - 4 potions of cancellation
 j - a potion of invisibility
 k - a potion of curing
 m - 3 potions of brilliance
 o - 3 potions of heal wounds
 q - 3 potions of magic
 t - 5 potions of flight
 B - a potion of resistance {unknown}
 H - 2 potions of might
 M - a potion of ambrosia
 R - 2 potions of mutation
 S - a potion of berserk rage {unknown}
Miscellaneous
 J - a tin of tremorstones (2/2)
 T - a phial of floods
 Y - a box of beasts (inert)


   Skills:
 + Level 9.5 Fighting
 + Level 9.6 Dodging
 + Level 15.9 Stealth
 + Level 4.7 Shields
 + Level 9.5 Unarmed Combat
 + Level 7.9 Spellcasting
 + Level 4.0 Conjurations
 * Level 7.1 Transmutations
 * Level 9.8 Fire Magic
 - Level 1.6 Ice Magic
 - Level 8.0 Poison Magic
 + Level 7.4 Invocations
 + Level 0.0 Evocations


You had 4 spell levels left.
You knew the following spells:

 Your Spells              Type           Power      Damage    Failure   Level
a - Sticky Flame          Conj/Fire      37%        2d6       4%          4
b - Ignite Poison         Fire/Tmut/Pois 43%        N/A       1%          3
c - Slow                  Hex            32%        N/A       9%          1
d - Mephitic Cloud        Conj/Pois/Air  25%        N/A       4%          3
e - Fireball              Conj/Fire      18%        3d9       13%         5
f - Flame Wave            Conj/Fire      37%        2d10      4%          4
g - Irradiate             Conj/Tmut      15%        3d16      22%         5

Your spell library contained the following spells:

 Spells                   Type           Power      Damage    Failure   Level
 Foxfire                  Conj/Fire      100%       2x1d9     1%          1
 Magic Dart               Conj           100%       1d8       1%          1
 Scorch                   Fire           98%        2d9       1%          2
 Freeze                   Ice            60%        1d7       4%          1
 Hailstorm                Conj/Ice       20%        3d6       8%          3
 Necrotise                Necr           32%        1d5       9%          1
 Call Imp                 Summ           16%        N/A       12%         2
 Lesser Beckoning         Tloc           16%        N/A       12%         2
 Frozen Ramparts          Ice            30%        1d5       12%         3
 Confusing Touch          Hex            8%         N/A       24%         3
 Gell's Gravitas          Tloc           8%         N/A       24%         3
 Teleport Other           Tloc           8%         N/A       24%         3
 Vampiric Draining        Necr           8%         2d6       24%         3
 Vhi's Electric Charge    Tloc/Air       16%        N/A       24%         3
 Starburst                Conj/Fire      18%        6d7       56%         6
 Arcjolt                  Conj/Air       8%         1d18      67%         5
 Plasma Beam              Fire/Air       14%        2x1d28    86%         6
 Agony                    Necr           8%         N/A       92%         5
 Summon Mana Viper        Hex/Summ       8%         N/A       92%         5
 Summon Cactus Giant      Summ           4%         N/A       100%        6
 Ignition                 Fire           24%        3d8       100%        8
 Maxwell's Capacitive Co  Air            4%         ∞         100%        8


Dungeon Overview and Level Annotations

Branches:
Dungeon (13/15)            Temple (1/1) D:5            Lair (5/5) D:11
 Shoals (0/4) Lair:3        Snake (0/4) Lair:3        Slime (0/5) Lair:4
    Orc (2/2) D:9             Elf (0/3) Orc:2         IceCv (visited)
 Vaults: D:13-14

Altars:
Dithmenos
Elyvilon
Fedhas
Gozag
Hepliaklqana
Makhleb
Okawaru
Ru
Sif Muna
Trog
Uskayaw
Vehumet
Wu Jian
Yredelemnul
Zin
Jiyva

Shops:
Orc:2 :(((

Annotations:
D:1 exclusion: downstairs
D:4 exclusions: 2 downstairs and 4 more exclusions
D:7 exclusion: downstairs
D:8 exclusion: downstairs, Maggie
D:10 2 runed translucent doors, TrebMcFLY's ghost, journeyman TrGl
D:12 exclusion: 2 downstairs
D:13 exclusion: 2 upstairs, Nessos; Rupert; Urug
Lair:2 3 runed translucent doors, Brarox's ghost, journeyman DECj
Lair:4 2 transporters, exclusions: 3 downstairs and 1 more exclusion


Innate Abilities, Weirdness & Mutations

Your life essence is reduced to manifest your ancestor. (-10% HP)
You cannot wear most types of armour.
You are amphibious.
You can wear up to eight rings at the same time.
Your skin changes colour to match your surroundings (Stealth+).
Your rubbery body absorbs attacks. (AC +1, EV +1)
((You are camouflaged when in or above water. (Stealth+)))
You have tentacles for arms and can constrict up to eight enemies at once.


Message History

Press: ? - help, Dir - look around, f - activate A wave of flame ripples out! (Press . to intensify the flame waves.)
You hear a shout!
Teicuih barely misses Rupert.
Rupert is engulfed in blazing flames.
Unknown command.
A wave of flame ripples out!
The flame wave engulfs Rupert!
Rupert is moderately wounded.
Teicuih avoids your attack.
Casting: Flame Wave (dangerous; 4% risk of failure)
Confirm with . or Enter, or press ? or * to list all spells.
Aiming: Mephitic Cloud (mildly dangerous; 4% risk of failure)
Press: ? - help, Shift-Dir - straight line, f - Rupert
Aim: Rupert, wielding a +1 great sword of freezing and wearing a +0 leather armour (moderately wounded, confused, ally target, chance to affect: 24%)
Okay, then.
Aiming: Charm
Press: ? - help, Shift-Dir - straight line, f - Urug
Aim: Urug, wielding a +2 heavy great sword, wearing a +0 scale mail and quivering javelins (chance to affect: 31%) Urug easily resists.
Rupert seems less confused.
Teicuih hits Rupert with a +0 broad axe of flaming!
Teicuih burns Rupert.
Okay, then.
Press: ? - help, v - describe, . - travel
Here: Rupert, wielding a +1 great sword of freezing and wearing a +0 leather armour (heavily wounded, ally target)
The floor.
Rupert roars wildly at you.
You suddenly lose the ability to move!
You stop ascending the stairs.
A manticore comes into view.
Nessos shoots an arrow.
The arrow hits you! The arrow burns you.
Nessos mumbles some strange words.
Nessos blinks!
Teicuih barely misses Rupert.
Urug throws a javelin.
The javelin pierces through you!
Rupert screams, "Hurray!"
Rupert yells loudly at you.
You shrug off the repeated paralysis!
Nessos shoots an arrow.
The arrow hits you!! The arrow burns you.
Urug throws a javelin.
The javelin pierces through you!!
* * * LOW HITPOINT WARNING * * *
Nessos shoots an arrow.
The arrow hits you!!
You die...

#...##...#
##....#...#
###.........
#..........#
)............##
..............#
..............#
#...#.....@.@#
#...#.....R.##
#.........)#
######........○.##
#.............°..###
........)..o.......#
.........c.H.......#
...........§..#....#
#...........>).....#


You could see the friendly Teicuih the knight, Rupert (ally target), Nessos,
Urug and a manticore.

Vanquished Creatures
  Gastronok (Lair:1)
  A reaper (IceCv)
  Erolcha (D:10)
  4 hydras
  Fannar (D:11)
  2 boulder beetles (D:12)
  A two-headed ogre (D:11)
  5 death yaks (Lair:3)
  3 orc high priests (Orc:2)
  Nergalle (D:10)
  Sonja (Lair:1)
  A sea snake (Lair:5)
  4 orc knights
  Pikel (D:5)
  A deep elf pyromancer (D:12)
  2 manticores
  2 orc sorcerers (Orc:2)
  8 elephants
  5 black mambas
  Maurice (D:8)
  Joseph (D:8)
  An orange demon (Lair:2)
  An ice statue (IceCv)
  2 gargoyles
  A torpor snail (Lair:4)
  10 cane toads
  A rime drake (Lair:5)
  2 kobold demonologists (D:10)
  5 ice devils (IceCv)
  5 komodo dragons
  2 trolls
  7 blink frogs (Lair:3)
  Prince Ribbit (D:5)
  A snapping turtle (Lair:3)
  Sigmund (D:5)
  3 wyverns
  A wraith (D:11)
  A shadow (D:13)
  A dire elephant simulacrum (IceCv)
  34 yaks
  A vampire (D:9)
  A basilisk (Lair:5)
  A steam dragon (Lair:5)
  2 death yak simulacra (IceCv)
  3 vampire mosquitoes (D:11)
  Edmund (D:5)
  3 wargs
  An acid dragon (D:9)
  10 water moccasins
  A hydra simulacrum (IceCv)
  A sky beast (D:7)
  12 orc warriors
  An ice beast (D:7)
  2 ogres
  A centaur (D:11)
  6 wolves
  A phantom (D:6)
  4 kobold brigands
  5 bullfrogs
  3 two-headed ogre simulacra (IceCv)
  A water moccasin zombie (D:3)
  A gnoll sergeant (D:9)
  3 scorpions
  3 killer bees (D:9)
  2 howler monkeys
  An electric eel (Lair:3)
  A knight (D:12)
  A crimson imp (D:8)
  2 hounds
  2 jellies
  8 orc priests
  Jessica (D:2)
  2 iguanas (D:6)
  A sleepcap (D:6)
  13 orc wizards
  A troll simulacrum (IceCv)
  A spriggan simulacrum (IceCv)
  A wolf simulacrum (IceCv)
  5 gnolls
  5 adders
  2 naga simulacra (IceCv)
  A white imp (IceCv)
  2 ufetubi
  An adder zombie (D:3)
  5 worms
  2 dart slugs (D:2)
  32 orcs
  6 ball pythons
  5 endoplasms
  4 giant cockroaches
  3 goblins
  4 hobgoblins
  11 jackals
  3 quokkas
  2 bats (D:3)
  3 frilled lizards
  14 kobolds
  6 rats
348 creatures vanquished.

Vanquished Creatures (collateral kills)
  Donald (Orc:2)
  A hydra (Lair:5)
  A two-headed ogre (D:13)
  A boulder beetle (Lair:2)
  A death yak (Lair:3)
  An orc high priest (Orc:2)
  Amaemon (Lair:2)
  2 orc knights (Orc:2)
  A deep elf pyromancer (D:13)
  3 ugly things
  A cyclops (D:13)
  2 orc sorcerers (Orc:2)
  3 elephants
  An ice statue (IceCv)
  A black mamba (Lair:4)
  4 cane toads
  A gargoyle (D:12)
  An unseen horror (D:10)
  A kobold demonologist (D:10)
  5 komodo dragons
  2 ice devils (IceCv)
  2 trolls
  A blink frog (Lair:3)
  A vampire (D:11)
  A wraith (D:11)
  A shadow (D:11)
  23 yaks
  A wyvern (Lair:4)
  Grum (D:8)
  2 vampire mosquitoes (D:11)
  A naga (Lair:3)
  A hydra simulacrum (IceCv)
  4 water moccasins
  A black bear (Lair:1)
  4 orc warriors
  An ice beast (D:6)
  2 ogres (Orc:1)
  3 wolves
  A lemure (D:5)
  2 kobold brigands
  2 bullfrogs
  A gnoll sergeant (D:6)
  A scorpion (D:7)
  A two-headed ogre simulacrum (IceCv)
  A cane toad simulacrum (IceCv)
  9 wights
  An elephant simulacrum (IceCv)
  A killer bee (D:9)
  5 jellies
  4 orc priests
  A sleepcap (D:6)
  9 orc wizards
  A troll simulacrum (IceCv)
  A wolf simulacrum (IceCv)
  6 gnolls
  An adder (D:5)
  A naga simulacrum (IceCv)
  2 white imps (IceCv)
  An ufetubus (D:7)
  29 orcs
  13 kobolds
179 creatures vanquished.

Vanquished Creatures (others)
  A two-headed ogre (D:13)
  A yak (D:9)
  A scorpion (D:5)
  21 knights
  25 fungi
  59 plants
108 creatures vanquished.

Grand Total: 635 creatures vanquished

Notes
Turn   | Place    | Note
-------+----------+-------------------------------------------
     0 | D:1      | Anon1729 the Octopode Monk began the quest for the Orb.
     0 | D:1      | Reached XP level 1. HP: 16/16 MP: 1/1
   268 | D:1      | Reached XP level 2. HP: 21/21 MP: 2/2
  1013 | D:2      | Noticed Jessica
  1135 | D:1      | Reached XP level 3. HP: 26/26 MP: 3/3
  1484 | D:2      | Killed Jessica
  1485 | D:2      | Reached skill level 1 in Stealth
  1485 | D:2      | Reached XP level 4. HP: 28/32 MP: 4/4
  1935 | D:3      | Reached skill level 2 in Stealth
  1945 | D:3      | Reached XP level 5. HP: 32/37 MP: 4/6
  2108 | D:3      | Reached skill level 3 in Stealth
  2108 | D:3      | Reached skill level 1 in Spellcasting
  2108 | D:3      | Reached skill level 1 in Ice Magic
  2199 | D:3      | Found a basalt altar of Yredelemnul.
  2538 | D:4      | Reached XP level 6. HP: 43/43 MP: 7/7
  2762 | D:4      | Reached skill level 4 in Stealth
  3031 | D:4      | Reached XP level 7. HP: 23/48 MP: 9/9
  3579 | D:5      | Entered Level 5 of the Dungeon
  3743 | D:5      | Reached skill level 1 in Transmutations
  3743 | D:5      | Reached skill level 1 in Fire Magic
  3872 | D:5      | Reached skill level 5 in Stealth
  3873 | D:5      | Noticed Sigmund
  3906 | D:5      | Noticed Pikel
  4125 | D:5      | Noticed Prince Ribbit
  4309 | D:5      | Killed Prince Ribbit
  4339 | D:5      | Killed Sigmund
  4340 | D:5      | Reached skill level 6 in Stealth
  4340 | D:5      | Reached XP level 8. HP: 25/54 MP: 11/11
  4389 | D:5      | Noticed Edmund
  4706 | D:5      | Killed Edmund
  4937 | D:5      | Learned a level 4 spell: Sticky Flame
  4941 | D:5      | Learned a level 3 spell: Ignite Poison
  4943 | D:5      | Learned a level 1 spell: Slow
  5147 | D:5      | Found a staircase to the Ecumenical Temple.
  5156 | Temple   | Entered the Ecumenical Temple
  5164 | Temple   | Became a worshipper of Hepliaklqana the Forgotten
  5164 | Temple   | Reached * piety under Hepliaklqana
  5164 | Temple   | Reached ** piety under Hepliaklqana
  5165 | Temple   | Remembered your ancestor Teicuih as a knight
  5213 | D:5      | Killed Pikel
  5214 | D:5      | Reached skill level 5 in Fighting
  5214 | D:5      | Reached skill level 5 in Dodging
  5214 | D:5      | Reached skill level 7 in Stealth
  5214 | D:5      | Reached skill level 5 in Unarmed Combat
  5214 | D:5      | Reached skill level 1 in Poison Magic
  5214 | D:5      | Reached XP level 9. HP: 48/54 MP: 10/13
  5371 | D:6      | Learned a level 3 spell: Mephitic Cloud
  5980 | D:6      | Reached skill level 8 in Stealth
  6059 | D:6      | Found a hide-covered altar of Uskayaw.
  6076 | D:6      | Found a blossoming altar of Fedhas.
  6665 | D:7      | Reached skill level 9 in Stealth
  6953 | D:8      | Noticed Joseph
  6963 | D:7      | Reached XP level 10. HP: 53/60 MP: 15/15
  6997 | D:8      | Reached *** piety under Hepliaklqana
  7181 | D:8      | Noticed Maurice
  7235 | D:8      | Reached skill level 10 in Stealth
  7521 | D:8      | Killed Maurice
  7571 | D:8      | Noticed Maggie
  7798 | D:8      | Killed Joseph
  7912 | D:8      | Found a radiant altar of Vehumet.
  7913 | D:8      | Found a burning altar of Makhleb.
  8020 | D:8      | You are sucked into a shaft and drop 1 floor!
  8263 | D:8      | Noticed Grum
  8283 | D:8      | Killed Grum
  8417 | D:8      | Reached skill level 11 in Stealth
  8603 | D:8      | Reached skill level 5 in Fire Magic
  8603 | D:8      | Reached XP level 11. HP: 63/66 MP: 6/18
  8864 | D:9      | Noticed a two-headed ogre
  9206 | D:9      | Reached skill level 5 in Poison Magic
  9421 | D:9      | Reached skill level 5 in Transmutations
  9482 | D:9      | Found a staircase to the Orcish Mines.
  9897 | D:9      | Reached skill level 5 in Spellcasting
 10323 | D:10     | Entered Level 10 of the Dungeon
 10334 | D:10     | Noticed Erolcha
 10395 | Orc:1    | Entered Level 1 of the Orcish Mines
 10395 | Orc:1    | Reached **** piety under Hepliaklqana
 10431 | D:10     | Found an ornate altar of the Wu Jian Council.
 10583 | D:10     | Noticed Nergalle
 10934 | D:10     | Found a large runed translucent door.
 10935 | D:10     | Found a large runed translucent door.
 10938 | D:10     | Noticed TrebMcFLY's ghost (journeyman TrGl)
 11696 | D:10     | Noticed a spectral orc warlord
 11916 | D:10     | Reached skill level 12 in Stealth
 12029 | D:10     | Killed Nergalle
 12100 | D:10     | Killed Erolcha
 12257 | D:11     | Noticed a cyan ugly thing
 12264 | D:11     | Killed a cyan ugly thing
 12396 | D:11     | Found a staircase to the Lair.
 12422 | D:11     | Identified the +1 pair of gloves of the Constellations
                  | {Int+2}
 12428 | D:11     | Noticed a purple ugly thing
 12436 | D:11     | Killed a purple ugly thing
 12729 | D:11     | Reached XP level 12. HP: 72/72 MP: 11/20
 12913 | D:11     | Noticed Fannar
 13279 | D:11     | Reached skill level 13 in Stealth
 13380 | D:11     | Killed Fannar
 13727 | D:11     | Identified the +4 ring mail of the Desert {Str+3 Dex+3}
 13886 | D:11     | Noticed a two-headed ogre
 13893 | D:11     | Killed a two-headed ogre
 13987 | D:12     | Noticed a boulder beetle
 14110 | D:12     | Noticed an eight-headed hydra
 14385 | D:12     | Killed an eight-headed hydra
 14615 | D:12     | Found a hide-covered altar of Uskayaw.
 14868 | D:12     | Killed a boulder beetle
 15108 | D:12     | Noticed a boulder beetle
 15123 | D:12     | Killed a boulder beetle
 15124 | D:12     | Reached skill level 14 in Stealth
 15272 | Lair:1   | Entered Level 1 of the Lair of Beasts
 15412 | Lair:1   | Noticed a six-headed hydra
 15422 | Lair:1   | Killed a six-headed hydra
 15622 | Lair:1   | Noticed Sonja
 15629 | Lair:1   | Killed Sonja
 15644 | Lair:1   | Reached XP level 13. HP: 79/79 MP: 11/22
 15648 | Lair:1   | Noticed Gastronok
 15677 | Lair:1   | Killed Gastronok
 15897 | Lair:1   | Reached ***** piety under Hepliaklqana
 16480 | Lair:2   | Noticed Amaemon
 16494 | Lair:2   | Killed Amaemon
 16495 | Lair:2   | Reached skill level 1 in Invocations
 16684 | Lair:2   | Found a frozen archway.
 16698 | IceCv    | Entered an ice cave
 17345 | IceCv    | Reached skill level 1 in Shields
 18297 | IceCv    | Noticed a reaper
 18564 | IceCv    | Killed a reaper
 19731 | Lair:2   | Found a runed translucent gate.
 19732 | Lair:2   | Found a runed translucent gate.
 19733 | Lair:2   | Found a runed translucent gate.
 19735 | Lair:2   | Noticed Brarox's ghost (journeyman DECj)
 20168 | Lair:2   | Learned a level 5 spell: Fireball
 20612 | Lair:3   | Reached skill level 15 in Stealth
 20930 | Lair:3   | Reached skill level 1 in Conjurations
 20960 | Lair:3   | Reached XP level 14. HP: 82/85 MP: 5/24
 21093 | Lair:3   | Found a staircase to the Snake Pit.
 21097 | Lair:3   | Identified the +4 rapier of Karma {freeze, Str+3}
 21316 | Lair:3   | Found a staircase to the Shoals.
 21440 | Lair:3   | Reached skill level 5 in Invocations
 21499 | Lair:3   | Identified the +3 double sword "Imomno" {freeze, rF++ rC+
                  | Dex+3}
 22134 | Lair:4   | Found a transporter.
 22153 | Lair:4   | Found a transporter.
 22359 | Lair:4   | Found a staircase to the Slime Pits.
 22374 | Lair:4   | Found a viscous altar of Jiyva.
 22614 | Lair:4   | Identified the +0 ring mail "Ymimi" {Rampage rC+ Will+}
 23267 | Lair:5   | Entered Level 5 of the Lair of Beasts
 24336 | Lair:5   | Noticed a dire elephant
 25904 | Orc:1    | You are sucked into a shaft and drop 1 floor!
 25904 | Orc:2    | Entered Level 2 of the Orcish Mines
 26332 | Orc:2    | Noticed Donald
 26807 | Orc:2    | Reached XP level 15. HP: 55/91 MP: 11/26
 27279 | Orc:2    | Found Sigiaq's Weapon Shoppe.
 27284 | Orc:2    | Found Bokut's Antique Weapon Boutique.
 27291 | Orc:2    | Found Peocyceg's Weapon Boutique.
 27293 | Orc:2    | Found Duoshu's Book Shoppe.
 27302 | Orc:2    | Bought a book of Scorching for 390 gold pieces
 27302 | Orc:2    | Bought the Incunable of the Mercurial Gathering for 312
                  | gold pieces
 27307 | Orc:2    | Learned a level 4 spell: Flame Wave
 27313 | Orc:2    | Learned a level 5 spell: Irradiate
 27353 | Orc:2    | Found a staircase to the Elven Halls.
 27420 | Orc:2    | Killed Donald
 27830 | D:13     | Noticed Urug
 27901 | D:13     | Noticed Rupert
 27903 | D:13     | Noticed Nessos
 28371 | D:13     | Paralysed by Rupert for 3 turns
 28373 | D:13     | Shot with an arrow by Nessos

Illustrated notes

Levels and vault maps discovered:
D:1:      dpeg_arrival_signposts, layout_loops_ring
D:2:      layout_rooms, hangedman_abyss_or_decor_stabs, uniq_jessica
D:3:      layout_rooms, lemuel_zombie_altar_yredelemnul
D:4:      layout_basic
D:5:      layout_basic, minmay_temple_entry_glass, uniq_pikel,
          uniq_prince_ribbit1, uniq_sigmund, uniq_edmund
D:6:      layout_rooms, mainiacjoe_overflow_large_starburst,
          amcnicky_mini_rare_corridor_liquid, minmay_misc_feat_more_columns
D:7:      layout_basic, st_stairs_3
D:8:      layout_cave_pods, grunt_temple_overflow_lords_of_destruction,
          uniq_joseph, uniq_grum, uniq_maurice, uniq_maggie
D:9:      layout_irregular_city, orc_0_dummy, hangedman_glass_teeth
D:10:     layout_basic, mainiacjoe_overflow_paths, ebering_ghost_disaster_area,
          serial_corexii_hall, corexii_hall_statues_l,
          corexii_hall_statues_deadend, chequers_hall_statues_wall_a,
          hangedman_decor_lopped, eino_tiny_chamber,
          nicolae_figureground_sparkle, uniq_nergalle, uniq_erolcha
D:11:     nicolae_cairo_tiling_very_big, layout_basic, uniq_fannar
D:12:     layout_long_grid, nicolae_uskayaw_murder_on_the_dancefloor
D:13:     layout_cross, grunt_livestock, minivault_28, uniq_rupert, uniq_nessos,
          uniq_urug
Temple:   lightli_temple_of_artemis
Lair:1:   layout_chaotic_city, uniq_gastronok, uniq_sonja
Lair:2:   cheibrodos_lair_river_kwai, layout_cave_pods,
          portal_ice_cave_entry_ice_simulacra, gammafunk_ghost_ooze,
          uniq_amaemon
Lair:3:   layout_roguey, minmay_shoals_entry_hut, guppyfry_snake_entry_island,
          wad_woods_river_01
Lair:4:   gammafunk_worm_tunnel, layout_long_grid,
          nicolae_slime_entry_field_trip
Lair:5:   gammafunk_lair_ancient_temple, layout_gridlike
Orc:1:    layout_caves
Orc:2:    st_orc_elflike, layout_caves, nicolae_orc_flooded_monolith,
          uniq_donald

Skill      XL: |  1  2  3  4  5  6  7  8  9 10 11 12 13 14 15 |
---------------+----------------------------------------------+-----
Stealth        | 1 2 3 4 6 7 9 11 12 14 15 | 15.9
Spellcasting   | 1 2 3 4 5 6 7 |  7.9
Ice Magic      | 1 |  1.6
Dodging        | 4 5 6 7 8 9 |  9.6
Fighting       | 4 5 6 7 8 9 |  9.5
Unarmed Combat | 4 5 6 7 8 9 |  9.5
Transmutations | 1 2 3 4 5 6 7 |  7.1
Fire Magic     | 2 4 5 6 8 9 |  9.8
Poison Magic   | 1 3 4 6 7 8 |  8.0
Invocations    | 4 7 |  7.4
Shields        | 2 4 |  4.7
Conjurations   | 1 3 4 |  4.0

Action                     |  1- 3 |  4- 6 |  7- 9 | 10-12 | 13-15 || total
---------------------------+-------+-------+-------+-------+-------++-------
  Melee: Unarmed           |    65 |   109 |   121 |   136 |   342 ||   773
         Constrict         |    18 |    26 |    25 |    38 |    59 ||   166
         Tentacles         |    15 |    32 |    25 |    40 |   109 ||   221
         Punch             |     1 |       |     2 |     9 |    36 ||    48
  Throw: Stone             |    11 |     4 |       |       |       ||    15
         Dart              |       |     5 |    29 |    20 |    18 ||    72
         Boomerang         |       |       |    43 |       |       ||    43
   Cast: Ignite Poison     |       |       |     8 |    48 |    69 ||   125
         Mephitic Cloud    |       |       |     8 |   100 |   130 ||   238
         Slow              |       |       |     7 |     4 |     2 ||    13
         Sticky Flame      |       |       |       |     4 |    17 ||    21
         Fireball          |       |       |       |       |    37 ||    37
         Flame Wave        |       |       |       |       |     2 ||     2
 Invoke: Ancestor Life: Kn |       |       |     1 |       |       ||     1
         Recall Ancestor   |       |       |     3 |    20 |    21 ||    44
         Transference      |       |       |       |     4 |     1 ||     5
         Idealise          |       |       |       |       |     3 ||     3
  Evoke: Wand              |       |       |     5 |    26 |    31 ||    62
         Tin of tremorston |       |       |       |     1 |     2 ||     3
         Phial of floods   |       |       |       |       |     1 ||     1
         Box of beasts     |       |       |       |       |     1 ||     1
    Use: Scroll            |       |     8 |     4 |    14 |    14 ||    40
         Potion            |       |       |     1 |     2 |     6 ||     9
   Stab: Sleeping          |     3 |     8 |     5 |     3 |     6 ||    25
         Distracted        |       |     1 |       |       |       ||     1
         Confused          |       |       |       |     9 |    11 ||    20
 Armour: Skin              |     1 |     5 |     5 |     3 |    14 ||    28
  Dodge: Dodged            |    36 |    54 |    65 |   110 |   369 ||   634
